 Dungeon Crawl Stone Soup version 0.29.0-4-gdea44cf6ec (webtiles) character file.

Game seed: 3241622054936911072

103443 qw the Severer (level 15, -1/148 HPs)
             Began as a Minotaur Berserker on Sept 6, 2022.
             Was an Elder of Trog.
             Slain by a demonic crawler (10 damage)
             ... on level 1 of the Spider Nest.
             The game lasted 00:10:29 (29777 turns).

qw the Severer (Minotaur Berserker)                Turns: 29777, Time: 00:10:30

Health: -1/148     AC: 21    Str: 26    XL:     15   Next: 89%
Magic:  14/14      EV: 12    Int:  8    God:    Trog [****..]
Gold:   32         SH: 13    Dex: 15    Spells: 14/14 levels left

rFire   . . .      SeeInvis .   Y - +0 broad axe
rCold   . . .      Faith    .   k - +0 kite shield
rNeg    . . .      Spirit   .   g - +0 plate armour {Will+}
rPois   +          Reflect  .   s - +2 hat
rElec   .          Harm     .   a - +2 cloak
rCorr   .          Rampage  .   p - +3 pair of gloves "Def Xuno" {Dex+4}
Will    ++...                   i - +2 pair of boots
Stlth   ..........              z - amulet of the acrobat
HPRegen 0.34/turn               n - ring of poison resistance
MPRegen 0.14/turn               u - +4 ring of protection

@: lethally poisoned (-1 -> -33), about to teleport, corroded, on berserk
cooldown, slowed, very slow
A: horns 2, retaliatory headbutt, clever 1, subdued magic 1
a: Renounce Religion, Berserk, Trog's Hand, Brothers in Arms


You were on level 1 of the Spider Nest.
You worshipped Trog.
Trog was greatly pleased with you.
You visited 4 branches of the dungeon, and saw 23 of its levels.

You collected 2149 gold pieces.
You spent 2117 gold pieces at shops.


Innate Abilities, Weirdness & Mutations

You have a pair of horns on your head.
You reflexively headbutt those who attack you in melee.
Your mind is acute. (Int +4, Str/Dex -1)
Your spells are a little easier to cast, but a little less powerful.


   Skills:
 - Level 17.6 Fighting
 - Level 18.0 Axes
 + Level 5.8 Throwing
 - Level 13.0 Armour
 - Level 13.1 Dodging
 - Level 13.4 Shields


You had 14 spell levels left.
You didn't know any spells.
Your spell library was empty.

Inventory:

Hand Weapons
 b - a +1 hand axe of flaming
 Y - a +0 broad axe (weapon)
Missiles
 m - 12 boomerangs
 B - a javelin (quivered)
Armour
 a - a +2 cloak (worn)
 c - a +1 chain mail of poison resistance
 g - a +0 plate armour of willpower (worn)
 i - a +2 pair of boots (worn)
 k - a +0 kite shield (worn)
 p - the +3 pair of gloves "Def Xuno" (worn) {Dex+4}
   (You acquired it on level 6 of the Dungeon)

   Dex:       It affects your dexterity (+4).
 s - a +2 hat (worn)
 y - +0 fire dragon scales
Jewellery
 j - a ring of ice
 n - a ring of poison resistance (left hand)
 o - a ring of protection from fire
 u - a +4 ring of protection (right hand)
 x - the ring of Irejazas {rElec rN+ rCorr}
   (You bought it in a shop on level 12 of the Dungeon)

   [ring of positive energy]

   rElec:     It insulates you from electricity.
   rN:        It protects you from negative energy.
   rCorr:     It protects you from acid and corrosion.
 z - an amulet of the acrobat (around neck)
Wands
 A - a wand of digging (4)
Scrolls
 t - 7 scrolls of teleportation
 v - 13 scrolls of identify
Potions
 d - 3 potions of resistance
 e - 8 potions of curing
 f - 11 potions of mutation
 h - 4 potions of haste
 q - 2 potions of might
 r - a potion of cancellation

Dungeon Overview and Level Annotations

Branches:
Dungeon (15/15)            Temple (0/1) D:5            Lair (5/5) D:9
  Swamp (0/4) Lair:2       Spider (1/4) Lair:2        Slime (0/5) Lair:5
    Orc (2/2) D:12            Elf (0/3) Orc:2        Vaults (0/5) D:13
 Depths (0/4) D:15

Altars:
Fedhas
Gozag
Hepliaklqana
Kikubaaqudgha
Makhleb
Nemelex Xobeh
Ru
Trog
Wu Jian
Xom
The Shining One
Jiyva

Shops:
D:8 *   D:12 *   D:13 ?*[!   Orc:2 ?**[:

Portals:
Pandemonium: Orc:2

Annotations:
D:6 1 transporter, qw's ghost, novice GrBe
D:10 3 runed translucent doors, qw's ghost, journeyman MiBe
D:12 2 transporters
Lair:5 1 runed translucent door


Message History

29776 ||| DRINKING potion of heal wounds.
You feel much better. The redback bites you.
You block the demonic crawler's attack. The demonic crawler barely misses you.
The demonic crawler misses you. The redback closely misses you.
The redback bites you but does no damage.
The demonic crawler shrieks in warning!
The redback simulacrum bites you but does no damage.
The redback barely misses you.
The demonic crawler shrieks in warning!
The redback barely misses you. You furiously retaliate!
You headbutt the redback, but do no damage.
The redback misses you.
You hear a faint skittering sound. x6; You hear a skittering sound.
You slash the wolf spider! Your headbutt misses the wolf spider.
The wolf spider is heavily wounded.
You hit the redback simulacrum but do no damage.
You barely miss the redback. You hit the redback but do no damage.
You hit the demonic crawler but do no damage.
You hit the redback but do no damage. x2
The redback barely misses you. You furiously retaliate!
You headbutt the redback, but do no damage.
The wolf spider closely misses you.
The wolf spider bites you but does no damage.
The redback closely misses you. The redback simulacrum bites you.
The redback simulacrum freezes you!
A tarantella comes into view.
You block the redback's attack. The redback misses you.
You block the demonic crawler's attack.
The demonic crawler closely misses you. x2
A demonic crawler comes into view.
The redback bites you.
You are lethally poisoned!
The redback poisons you! The wolf spider barely misses you.
The wolf spider bites you but does no damage.
The redback bites you. x2; The redback barely misses you.
You furiously retaliate!
You headbutt the redback, but do no damage.
The redback simulacrum bites you but does no damage.
The demonic crawler barely misses you. x2; The demonic crawler hits you!
You die...

.....^...
s.......
#....s. ..... $
.... ..# ##s.##
....##sB.^#
....sssss.#
.###sss@s.#
#....ssZ.#
#....s......
......^#......#
......^ (#.....
....... .#...##
#...... .......
#....#^ .. ....


You could see an entropy weaver (soul bound), 3 demonic crawlers, a wolf spider
(soul bound), a jumping spider (soul bound), a tarantella, 10 redbacks and a
redback simulacrum.

Vanquished Creatures
  Frances (D:14)
  An orc warlord (Orc:2)
  A caustic shrike zombie (D:15)
  Nessos (D:14)
  A fire dragon (D:15)
  Josephine (D:13)
  4 vault guards (D:13)
  A boulder beetle (D:15)
  4 hydras
  6 centaur warriors
  2 catoblepae
  2 two-headed ogres
  4 death yaks (Lair:5)
  A tengu warrior (D:14)
  3 demonspawn (Orc:2)
  4 orc high priests (Orc:2)
  Urug (D:13)
  2 skeletal warriors (D:15)
  A sixfirhy (Orc:2)
  A pharaoh ant (Spider:1)
  A flayed ghost (D:15)
  A lindwurm (Lair:5)
  A bog body (Lair:2)
  A necromancer (D:15)
  5 orc knights
  13 ugly things
  2 cyclopes
  3 deep elf pyromancers
  A fire giant zombie (D:15)
  7 orc sorcerers
  4 manticores
  A moth of wrath (Spider:1)
  4 elephants (Lair:4)
  5 black mambas
  Maurice (D:9)
  6 torpor snails
  2 rust devils (Orc:2)
  A gargoyle (D:11)
  10 cane toads
  A demonic crawler (Spider:1)
  3 rime drakes
  A freezing wraith (D:14)
  10 komodo dragons
  An ice devil (Orc:2)
  An efreet (D:15)
  A tengu conjurer (D:14)
  9 polar bears (Lair:5)
  9 trolls
  2 tarantellas (Spider:1)
  4 tyrant leeches (Lair:5)
  7 hornets (Lair:5)
  3 raiju (Lair:5)
  7 dream sheep (Lair:5)
  A wind drake (shapeshifter) (D:14)
  16 blink frogs
  10 slime creatures
  An ettin zombie (D:15)
  3 shadows
  16 yaks
  2 culicivoras (Spider:1)
  3 wraiths (D:13)
  7 humans (D:13)
  2 fire bats (Lair:2)
  4 vampire mosquitoes (D:14)
  7 wyverns
  4 basilisks
  A chaos spawn (Orc:2)
  A steam dragon (D:7)
  Menkaure (D:4)
  10 redbacks (Spider:1)
  11 wargs
  An acid dragon (D:11)
  11 hell hounds (Lair:5)
  A tengu skeleton (D:15)
  15 water moccasins
  Duvessa (D:6)
  31 orc warriors
  3 ice beasts
  54 wolves
  11 black bears
  A sky beast (D:8)
  8 ogres
  17 centaurs
  2 phantoms
  3 kobold brigands
  Blork the orc (D:4)
  6 gnoll sergeants
  9 bullfrogs
  4 scorpions
  18 wights
  Dowan (D:6)
  4 killer bees (D:8)
  4 howler monkeys
  A lava snake (D:10)
  20 orc priests
  5 jellies
  A gnoll bouda (D:6)
  5 hounds
  3 iguanas
  Natasha (thrice) (D:4)
  16 orc wizards
  A boggart simulacrum (D:15)
  7 adders
  17 gnolls
  2 white imps (D:7)
  An ufetubus (D:6)
  2 worms
  2 dart slugs (D:1)
  73 orcs
  4 endoplasms
  7 goblins
  8 hobgoblins
  3 jackals (D:1)
  13 kobolds
  6 quokkas
  10 ball pythons
  3 bats
  3 frilled lizards
  A rat (D:3)
693 creatures vanquished.

Vanquished Creatures (collateral kills)
  5 hydras
  2 death yaks (Lair:5)
  An orb spider (Lair:2)
  An orc sorcerer (Orc:2)
  An orc knight (Orc:2)
  A shadow (D:11)
  A yak (Lair:5)
  A hell hound (Lair:5)
  2 orc warriors (Orc:2)
  A black bear (Lair:5)
  2 wolves (Lair:5)
  An orc priest (Orc:1)
  An orc wizard (Orc:1)
20 creatures vanquished.

Vanquished Creatures (others)
  2 humans
  An ogre (D:7)
  A scorpion (D:7)
  3 bullfrogs (D:7)
  2 orc wizards
  An orc (D:9)
  15 fungi
  50 plants
  A withered plant (D:15)
76 creatures vanquished.

Grand Total: 789 creatures vanquished

Notes
Turn   | Place    | Note
-------+----------+-------------------------------------------
     0 | D:1      | qw the Minotaur Berserker began the quest for the Orb.
     0 | D:1      | Reached XP level 1. HP: 19/19 MP: 0/0
     0 | D:1      | 0 ||| qw: Version: 0.1-a-107-g9ff403c
     0 | D:1      | 0 ||| qw: Game counter: 6135
     0 | D:1      | 0 ||| qw: Always use a shield: true
     0 | D:1      | 0 ||| qw: Do Orc after D:15 true
     0 | D:1      | 0 ||| qw: Do second Lair branch before Depths: true
     0 | D:1      | 0 ||| qw: Lair rune preference: random
     0 | D:1      | 0 ||| qw: Plans: Normal
     0 | D:1      | 0 ||| PLANNING D:1-11
    41 | D:1      | 41 ||| Stepping ~*~*~tactically~*~*~ (hiding).
    50 | D:1      | Reached skill level 4 in Axes
   196 | D:1      | 196 ||| Stepping ~*~*~tactically~*~*~ (stealth).
   197 | D:1      | 197 ||| Stepping ~*~*~tactically~*~*~ (stealth).
   201 | D:1      | Reached XP level 2. HP: 26/26 MP: 1/1
   227 | D:1      | 227 ||| Stepping ~*~*~tactically~*~*~ (stealth).
   324 | D:1      | 324 ||| Stepping ~*~*~tactically~*~*~ (hiding).
   424 | D:1      | 424 ||| Stepping ~*~*~tactically~*~*~ (stealth).
   428 | D:1      | 428 ||| Stepping ~*~*~tactically~*~*~ (stealth).
   430 | D:1      | Reached skill level 5 in Axes
   487 | D:1      | 487 ||| DROPPING +0 club.
   647 | D:1      | 647 ||| UPGRADING to ring of protection from fire.
   648 | D:1      | 648 ||| READING scroll labelled XITIEGAEMI.
   649 | D:1      | 649 ||| READING scroll labelled IPUM PO LOECOY.
   650 | D:1      | 650 ||| READING scroll labelled PUYXZI OSINLUL.
   674 | D:2      | Reached XP level 3. HP: 31/31 MP: 2/2
   912 | D:2      | 912 ||| INVOKING Berserk.
  1076 | D:2      | Identified the +5 ring mail of Card Tricks {Dex+5}
  1233 | D:2      | Found a faded altar of an unknown god.
  1257 | D:2      | 1257 ||| UPGRADING to +0 leather armour.
  1267 | D:2      | 1267 ||| DROPPING +0 animal skin.
  1268 | D:2      | 1268 ||| UPGRADING to +5 ring mail of Card Tricks {Dex+5}.
  1278 | D:2      | 1278 ||| DROPPING +0 leather armour.
  1279 | D:2      | 1279 ||| UPGRADING to ring of resist corrosion.
  1280 | D:2      | 1280 ||| UPGRADING to ring of poison resistance.
  1282 | D:2      | 1282 ||| UPGRADING to ring of protection from fire.
  1284 | D:2      | 1284 ||| READING scroll labelled WYFUHO NINIWO.
  1285 | D:2      | 1285 ||| READING scroll labelled IXESCH RAIXIN.
  1286 | D:2      | 1286 ||| READING scroll labelled PATUSHI LEEDUX.
  1287 | D:2      | 1287 ||| DRINKING 2 bubbling silvery potions.
  1303 | D:3      | 1303 ||| Stepping ~*~*~tactically~*~*~ (stealth).
  1306 | D:3      | Reached ** piety under Trog
  1318 | D:3      | 1318 ||| Stepping ~*~*~tactically~*~*~ (stealth).
  1525 | D:3      | Found a bloodstained altar of Trog.
  1532 | D:3      | Reached skill level 6 in Axes
  1532 | D:3      | Reached XP level 4. HP: 39/39 MP: 3/3
  1655 | D:3      | 1655 ||| DROPPING +0 mace.
  2294 | D:3      | 2294 ||| UPGRADING to +0 pair of gloves.
  2299 | D:3      | 2299 ||| READING 2 scrolls labelled CAANLUMUIH.
  2304 | D:3      | 2304 ||| READING scroll labelled REFIVO BULIARPH.
  2325 | D:4      | Noticed a scorpion
  2331 | D:4      | Killed a scorpion
  2332 | D:4      | Reached skill level 7 in Axes
  2332 | D:4      | Reached XP level 5. HP: 45/45 MP: 4/4
  2446 | D:4      | Noticed Natasha
  2447 | D:4      | 2447 ||| Stepping ~*~*~tactically~*~*~ (hiding).
  2450 | D:4      | 2450 ||| Stepping ~*~*~tactically~*~*~ (hiding).
  2453 | D:4      | 2453 ||| INVOKING Berserk.
  2453 | D:4      | Killed Natasha
  2665 | D:4      | Noticed Menkaure
  2669 | D:4      | 2669 ||| INVOKING Berserk.
  2673 | D:4      | Killed Menkaure
  2674 | D:4      | Reached skill level 8 in Axes
  2674 | D:4      | Reached XP level 6. HP: 52/52 MP: 5/5
  2783 | D:4      | Noticed Natasha
  2784 | D:4      | 2784 ||| Stepping ~*~*~tactically~*~*~ (hiding).
  2785 | D:4      | 2785 ||| Stepping ~*~*~tactically~*~*~ (hiding).
  2788 | D:4      | 2788 ||| INVOKING Berserk.
  2789 | D:4      | Killed Natasha
  2974 | D:4      | Noticed Blork the orc
  2977 | D:4      | 2977 ||| INVOKING Berserk.
  2980 | D:4      | Killed Blork the orc
  2981 | D:4      | Reached skill level 9 in Axes
  3144 | D:4      | 3144 ||| Stepping ~*~*~tactically~*~*~ (stealth).
  3146 | D:4      | 3146 ||| Stepping ~*~*~tactically~*~*~ (stealth).
  3148 | D:4      | 3148 ||| Stepping ~*~*~tactically~*~*~ (stealth).
  3154 | D:4      | 3154 ||| INVOKING Berserk.
  3157 | D:4      | Reached XP level 7. HP: 60/60 MP: 6/6
  3245 | D:4      | Noticed Natasha
  3246 | D:4      | 3246 ||| Stepping ~*~*~tactically~*~*~ (stealth).
  3249 | D:4      | 3249 ||| INVOKING Berserk.
  3250 | D:4      | Killed Natasha
  3450 | D:4      | 3450 ||| DROPPING amulet of magic regeneration.
  3451 | D:4      | 3451 ||| READING scroll labelled PIGRE WE ROWEU.
  3452 | D:4      | 3452 ||| DRINKING 2 fizzy blue potions.
  3453 | D:4      | 3453 ||| DRINKING 2 glowing orange potions.
  3454 | D:4      | 3454 ||| DRINKING 2 fizzy yellow potions.
  3455 | D:4      | 3455 ||| DROPPING potion of degeneration.
  3456 | D:4      | 3456 ||| DROPPING potion of brilliance.
  3482 | D:5      | Entered Level 5 of the Dungeon
  3484 | D:5      | 3484 ||| STAIRDANCE
  3528 | D:5      | 3528 ||| Stepping ~*~*~tactically~*~*~ (stealth).
  3541 | D:5      | 3541 ||| INVOKING Berserk.
  3546 | D:5      | Reached skill level 10 in Axes
  3735 | D:5      | Reached skill level 3 in Dodging
  3737 | D:5      | Reached skill level 6 in Fighting
  3823 | D:5      | Reached XP level 8. HP: 57/70 MP: 7/7
  3912 | D:5      | Found a staircase to the Ecumenical Temple.
  3943 | D:5      | 3943 ||| INVOKING Berserk.
  4276 | D:5      | 4276 ||| SWAPPING to +0 war axe.
  4277 | D:5      | 4277 ||| DROPPING +1 hand axe.
  4280 | D:5      | Reached skill level 11 in Axes
  4334 | D:5      | Found a hazy altar of Hepliaklqana.
  4335 | D:5      | Found a faded altar of an unknown god.
  4489 | D:5      | 4489 ||| DRINKING 3 dark potions.
  4489 | D:5      | Gained mutation: Your spells are a little easier to cast,
                  | but a little less powerful. [potion of mutation]
  4489 | D:5      | Gained mutation: Your mind is acute. (Int +4, Str/Dex -1)
                  | [potion of mutation]
  4490 | D:5      | 4490 ||| DRINKING 2 ruby potions.
  4491 | D:5      | 4491 ||| DRINKING 2 fizzy cyan potions.
  4492 | D:5      | 4492 ||| DROPPING potion of flight.
  4659 | D:6      | Found a glowing golden altar of the Shining One.
  4810 | D:6      | 4810 ||| Stepping ~*~*~tactically~*~*~ (stealth).
  4814 | D:6      | 4814 ||| Stepping ~*~*~tactically~*~*~ (hiding).
  4923 | D:6      | Found a blossoming altar of Fedhas.
  4980 | D:6      | Reached *** piety under Trog
  4981 | D:6      | Reached skill level 12 in Axes
  4995 | D:6      | 4995 ||| INVOKING Berserk.
  5162 | D:6      | Noticed Dowan
  5163 | D:6      | 5163 ||| Stepping ~*~*~tactically~*~*~ (hiding).
  5168 | D:6      | 5168 ||| INVOKING Berserk.
  5176 | D:6      | Killed Dowan
  5325 | D:6      | Noticed Duvessa
  5326 | D:6      | 5326 ||| INVOKING Berserk.
  5333 | D:6      | Killed Duvessa
  5536 | D:6      | Noticed qw's ghost (novice GrBe)
  5536 | D:6      | Identified the +3 great mace of Ukiwuskung {vorpal, rElec
                  | rC+}
  5536 | D:6      | Identified the +5 dire flail "Murmur" {flame, Will+ SInv}
  5536 | D:6      | Noticed a two-headed ogre
  5537 | D:6      | Found a transporter.
  5549 | D:6      | 5549 ||| Stepping ~*~*~tactically~*~*~ (stealth).
  5551 | D:6      | 5551 ||| Stepping ~*~*~tactically~*~*~ (stealth).
  5603 | D:6      | 5603 ||| INVOKING Berserk.
  5958 | D:6      | Reached XP level 9. HP: 73/79 MP: 8/8
  6054 | D:6      | 6054 ||| UPGRADING to +1 hat.
  6059 | D:6      | 6059 ||| READING scroll labelled YDYULO KAGH.
  6059 | D:6      | Identified a scroll of acquirement
  6059 | D:6      | 6059 ||| ACQUIRING +3 pair of gloves "Def Xuno" {Dex+4}
  6059 | D:6      | Acquired the +3 pair of gloves "Def Xuno" {Dex+4}
  6061 | D:6      | 6061 ||| UPGRADING to +3 pair of gloves "Def Xuno" {Dex+4}.
  6071 | D:6      | 6071 ||| DROPPING +0 pair of gloves.
  6072 | D:6      | 6072 ||| DRINKING 2 brown potions.
  6142 | D:7      | Found a flagged portal.
  6216 | D:7      | 6216 ||| READING 3 scrolls of enchant weapon.
  6216 | D:7      | 6216 ||| ENCHANTING +0 war axe.
  6217 | D:7      | 6217 ||| READING 2 scrolls of enchant weapon.
  6217 | D:7      | 6217 ||| ENCHANTING +1 war axe.
  6218 | D:7      | 6218 ||| READING scroll of enchant weapon.
  6218 | D:7      | 6218 ||| ENCHANTING +2 war axe.
  6235 | D:7      | Found a shimmering altar of Xom.
  6238 | D:7      | 6238 ||| INVOKING Berserk.
  6259 | D:7      | 6259 ||| FLEEEEING.
  6260 | D:7      | 6260 ||| FLEEEEING.
  6261 | D:7      | 6261 ||| FLEEEEING.
  6262 | D:7      | 6262 ||| FLEEEEING.
  6263 | D:7      | 6263 ||| FLEEEEING.
  6402 | D:7      | Reached skill level 13 in Axes
  6407 | D:7      | 6407 ||| INVOKING Berserk.
  6410 | D:7      | Reached skill level 3 in Armour
  6834 | D:7      | Found an opulent altar of Gozag.
  6909 | D:7      | Found a sparkling altar of Nemelex Xobeh.
  7136 | D:7      | 7136 ||| READING scroll labelled TIKHLA XYBLODAK.
  7137 | D:7      | 7137 ||| DRINKING 4 amethyst potions.
  7170 | D:7      | 7170 ||| DROPPING 3 potions of lignification.
  7192 | D:8      | 7192 ||| Stepping ~*~*~tactically~*~*~ (stealth).
  7193 | D:8      | 7193 ||| Stepping ~*~*~tactically~*~*~ (stealth).
  7198 | D:8      | 7198 ||| Stepping ~*~*~tactically~*~*~ (hiding).
  7199 | D:8      | 7199 ||| Stepping ~*~*~tactically~*~*~ (stealth).
  7200 | D:8      | 7200 ||| Stepping ~*~*~tactically~*~*~ (hiding).
  7201 | D:8      | 7201 ||| INVOKING Berserk.
  7364 | D:8      | 7364 ||| Stepping ~*~*~tactically~*~*~ (stealth).
  7374 | D:8      | Reached skill level 1 in Throwing
  7382 | D:8      | 7382 ||| Stepping ~*~*~tactically~*~*~ (stealth).
  7397 | D:8      | Reached skill level 14 in Axes
  7404 | D:8      | 7404 ||| Stepping ~*~*~tactically~*~*~ (stealth).
  7406 | D:8      | 7406 ||| Stepping ~*~*~tactically~*~*~ (stealth).
  7431 | D:8      | 7431 ||| FLEEEEING.
  7431 | D:8      | Found Sinom's Island Escapes.
  7538 | D:8      | Reached skill level 6 in Dodging
  7711 | D:8      | Reached XP level 10. HP: 74/88 MP: 9/9
  8021 | D:8      | 8021 ||| Stepping ~*~*~tactically~*~*~ (stealth).
  8223 | D:8      | 8223 ||| READING scroll of enchant weapon.
  8223 | D:8      | 8223 ||| ENCHANTING +3 war axe.
  8520 | D:8      | Found a sacrificial altar of Ru.
  8628 | D:8      | 8628 ||| UPGRADING to +4 ring of protection.
  8630 | D:8      | 8630 ||| READING 2 scrolls labelled GIUPIKHL XEINU.
  8631 | D:8      | 8631 ||| READING scroll of enchant armour.
  8631 | D:8      | 8631 ||| ENCHANTING +1 hat.
  8661 | D:9      | Noticed Maurice
  8699 | D:9      | Killed Maurice
  8700 | D:9      | Reached skill level 15 in Axes
  8884 | D:9      | 8884 ||| INVOKING Berserk.
  8990 | D:9      | Found a viscous altar of Jiyva.
  8995 | D:9      | 8995 ||| INVOKING Berserk.
  9157 | D:9      | Found a staircase to the Lair.
  9214 | D:9      | 9214 ||| Stepping ~*~*~tactically~*~*~ (hiding).
  9228 | D:9      | Reached skill level 9 in Fighting
  9535 | D:9      | 9535 ||| DROPPING +0 flail.
  9542 | D:9      | Found an ancient bone altar of Kikubaaqudgha.
  9545 | D:9      | 9545 ||| INVOKING Berserk.
  9877 | D:9      | 9877 ||| PLANNING LAIR
  9877 | D:9      | 9877 ||| UPGRADING to +0 cloak.
  9882 | D:9      | 9882 ||| READING 5 scrolls of identify.
  9882 | D:9      | 9882 ||| IDENTIFYING bubbling grey potion
  9883 | D:9      | 9883 ||| READING 4 scrolls of identify.
  9883 | D:9      | 9883 ||| IDENTIFYING silvery potion
  9884 | D:9      | 9884 ||| READING 3 scrolls of identify.
  9884 | D:9      | 9884 ||| IDENTIFYING fizzy black potion
  9885 | D:9      | 9885 ||| READING 2 scrolls of identify.
  9885 | D:9      | 9885 ||| IDENTIFYING fuming silvery potion
  9886 | D:9      | 9886 ||| DROPPING potion of magic.
  9887 | D:9      | 9887 ||| DROPPING potion of invisibility.
  9935 | Lair:1   | Entered Level 1 of the Lair of Beasts
  9942 | Lair:1   | 9942 ||| INVOKING Berserk.
 10142 | Lair:1   | Reached skill level 16 in Axes
 10192 | Lair:1   | Noticed a cane toad
 10196 | Lair:1   | 10196 ||| INVOKING Berserk.
 10199 | Lair:1   | Killed a cane toad
 10321 | Lair:1   | Noticed a black mamba
 10325 | Lair:1   | Reached **** piety under Trog
 10326 | Lair:1   | 10326 ||| INVOKING Berserk.
 10334 | Lair:1   | Killed a black mamba
 10335 | Lair:1   | Reached XP level 11. HP: 99/99 MP: 10/10
 10417 | Lair:1   | 10417 ||| INVOKING Berserk.
 10565 | Lair:1   | 10565 ||| Stepping ~*~*~tactically~*~*~ (hiding).
 10835 | Lair:1   | 10835 ||| INVOKING Berserk.
 10973 | Lair:1   | 10973 ||| INVOKING Berserk.
 11115 | Lair:1   | Noticed a catoblepas
 11117 | Lair:1   | 11117 ||| INVOKING Berserk.
 11121 | Lair:1   | Killed a catoblepas
 11271 | Lair:1   | 11271 ||| INVOKING Berserk.
 11399 | Lair:1   | 11399 ||| Stepping ~*~*~tactically~*~*~ (stealth).
 11400 | Lair:1   | 11400 ||| Stepping ~*~*~tactically~*~*~ (stealth).
 11401 | Lair:1   | 11401 ||| INVOKING Berserk.
 11811 | Lair:2   | Found a hole to the Spider Nest.
 11811 | Lair:2   | Noticed an orb spider
 11815 | Lair:2   | 11815 ||| READING 2 scrolls of teleportation.
 11816 | Lair:2   | 11816 ||| FLEEEEING.
 11817 | Lair:2   | 11817 ||| FLEEEEING.
 12087 | Lair:2   | 12087 ||| READING scroll of teleportation.
 12161 | Lair:2   | 12161 ||| INVOKING Berserk.
 12166 | Lair:2   | Noticed a bog body
 12177 | Lair:2   | Killed a bog body
 12333 | Lair:2   | 12333 ||| INVOKING Berserk.
 12340 | Lair:2   | Reached skill level 6 in Armour
 12490 | Lair:2   | 12490 ||| READING scroll of enchant weapon.
 12490 | Lair:2   | 12490 ||| ENCHANTING +4 war axe.
 12530 | Lair:2   | 12530 ||| READING 3 scrolls of identify.
 12530 | Lair:2   | 12530 ||| IDENTIFYING lumpy puce potion
 12531 | Lair:2   | 12531 ||| READING 2 scrolls of identify.
 12531 | Lair:2   | 12531 ||| IDENTIFYING fizzy brown potion
 12532 | Lair:2   | 12532 ||| DROPPING potion of attraction.
 12533 | Lair:2   | 12533 ||| FLEEEEING.
 12537 | Lair:2   | 12537 ||| FLEEEEING.
 12540 | Lair:2   | 12540 ||| FLEEEEING.
 12703 | Lair:2   | 12703 ||| DROPPING potion of ambrosia.
 12704 | Lair:2   | 12704 ||| Stepping randomly (stuck).
 12705 | Lair:2   | 12705 ||| Stepping randomly (stuck).
 12706 | Lair:2   | 12706 ||| Stepping randomly (stuck).
 12707 | Lair:2   | 12707 ||| Stepping randomly (stuck).
 12711 | Lair:2   | 12711 ||| Stepping randomly (stuck).
 12713 | Lair:2   | 12713 ||| Stepping randomly (stuck).
 12714 | Lair:2   | 12714 ||| Stepping randomly (stuck).
 12715 | Lair:2   | 12715 ||| Stepping randomly (stuck).
 12716 | Lair:2   | 12716 ||| Stepping randomly (stuck).
 12717 | Lair:2   | 12717 ||| Stepping randomly (stuck).
 12718 | Lair:2   | 12718 ||| Stepping randomly (stuck).
 12719 | Lair:2   | 12719 ||| Stepping randomly (stuck).
 12720 | Lair:2   | 12720 ||| Stepping randomly (stuck).
 12721 | Lair:2   | 12721 ||| Stepping randomly (stuck).
 12722 | Lair:2   | 12722 ||| Stepping randomly (stuck).
 12890 | Lair:2   | Found a staircase to the Swamp.
 12989 | Lair:2   | 12989 ||| INVOKING Brothers in Arms.
 12990 | Lair:2   | 12990 ||| INVOKING Brothers in Arms.
 12991 | Lair:2   | 12991 ||| INVOKING Brothers in Arms.
 13005 | Lair:2   | Killed an orb spider
 13006 | Lair:2   | Reached skill level 12 in Fighting
 13165 | Lair:3   | 13165 ||| INVOKING Berserk.
 13173 | Lair:3   | 13173 ||| STAIRDANCE
 13332 | Lair:3   | 13332 ||| INVOKING Berserk.
 13336 | Lair:3   | Reached skill level 9 in Dodging
 13369 | Lair:3   | 13369 ||| Stepping ~*~*~tactically~*~*~ (stealth).
 13504 | Lair:3   | 13504 ||| Stepping ~*~*~tactically~*~*~ (stealth).
 13505 | Lair:3   | 13505 ||| Stepping ~*~*~tactically~*~*~ (stealth).
 13633 | Lair:3   | Noticed a four-headed hydra
 13635 | Lair:3   | 13635 ||| SWAPPING to +2 flail of venom.
 13636 | Lair:3   | 13636 ||| INVOKING Berserk.
 13641 | Lair:3   | Killed a four-headed hydra
 13657 | Lair:3   | 13657 ||| SWAPPING to +5 war axe.
 13778 | Lair:3   | 13778 ||| INVOKING Berserk.
 13804 | Lair:3   | Reached XP level 12. HP: 109/115 MP: 11/11
 13810 | Lair:3   | 13810 ||| Stepping ~*~*~tactically~*~*~ (stealth).
 13815 | Lair:3   | 13815 ||| Stepping ~*~*~tactically~*~*~ (stealth).
 13823 | Lair:3   | 13823 ||| Stepping ~*~*~tactically~*~*~ (stealth).
 13824 | Lair:3   | 13824 ||| Stepping ~*~*~tactically~*~*~ (stealth).
 13841 | Lair:3   | 13841 ||| INVOKING Berserk.
 14117 | Lair:3   | 14117 ||| Stepping ~*~*~tactically~*~*~ (stealth).
 14118 | Lair:3   | 14118 ||| INVOKING Berserk.
 14700 | Lair:4   | 14700 ||| STAIRDANCE
 14714 | Lair:4   | Identified the +11 flail of Dim Light {vorpal, Dex+4 SInv}
 14716 | Lair:4   | 14716 ||| DROPPING +2 flail of venom.
 14900 | Lair:4   | Noticed an eight-headed hydra
 14900 | Lair:4   | 14900 ||| INVOKING Brothers in Arms.
 14901 | Lair:4   | 14901 ||| INVOKING Brothers in Arms.
 14902 | Lair:4   | 14902 ||| INVOKING Brothers in Arms.
 14903 | Lair:4   | 14903 ||| INVOKING Brothers in Arms.
 14906 | Lair:4   | 14906 ||| SWAPPING to +11 flail of Dim Light {vorpal, Dex+4
                  | SInv}.
 14907 | Lair:4   | 14907 ||| Stepping ~*~*~tactically~*~*~ (outnumbered).
 14909 | Lair:4   | 14909 ||| INVOKING Berserk.
 14913 | Lair:4   | Killed an eight-headed hydra
 14942 | Lair:4   | 14942 ||| SWAPPING to +5 war axe.
 15022 | Lair:4   | 15022 ||| FLEEEEING.
 15023 | Lair:4   | 15023 ||| FLEEEEING.
 15026 | Lair:4   | 15026 ||| FLEEEEING.
 15027 | Lair:4   | 15027 ||| FLEEEEING.
 15028 | Lair:4   | 15028 ||| FLEEEEING.
 15029 | Lair:4   | 15029 ||| FLEEEEING.
 15030 | Lair:4   | 15030 ||| FLEEEEING.
 15355 | Lair:4   | You fall into a shaft and drop 1 floor!
 15355 | Lair:5   | Entered Level 5 of the Lair of Beasts
 15365 | Lair:5   | 15365 ||| INVOKING Berserk.
 15366 | Lair:5   | Reached skill level 15 in Fighting
 15447 | Lair:5   | Found a staircase to the Slime Pits.
 15448 | Lair:5   | Found a viscous altar of Jiyva.
 15591 | Lair:5   | Reached ***** piety under Trog
 15694 | Lair:5   | 15694 ||| Stepping ~*~*~tactically~*~*~ (hiding).
 15742 | Lair:5   | Noticed a seven-headed hydra
 15743 | Lair:5   | 15743 ||| Stepping ~*~*~tactically~*~*~ (stealth).
 15744 | Lair:5   | 15744 ||| Stepping ~*~*~tactically~*~*~ (stealth).
 15746 | Lair:5   | 15746 ||| Stepping ~*~*~tactically~*~*~ (stealth).
 15748 | Lair:5   | 15748 ||| INVOKING Brothers in Arms.
 15751 | Lair:5   | 15751 ||| SWAPPING to +11 flail of Dim Light {vorpal, Dex+4
                  | SInv}.
 15753 | Lair:5   | 15753 ||| INVOKING Berserk.
 15756 | Lair:5   | Killed a seven-headed hydra
 15757 | Lair:5   | Reached skill level 12 in Dodging
 15757 | Lair:5   | Reached XP level 13. HP: 126/126 MP: 12/12
 15812 | Lair:5   | 15812 ||| SWAPPING to +5 war axe.
 15856 | Lair:5   | 15856 ||| UPGRADING to +0 pair of boots.
 15929 | Lair:4   | 15929 ||| DRINKING 2 potions of cancellation.
 15933 | Lair:4   | Reached skill level 9 in Armour
 15952 | Lair:4   | 15952 ||| Stepping ~*~*~tactically~*~*~ (stealth).
 15955 | Lair:4   | 15955 ||| INVOKING Berserk.
 16600 | Lair:5   | 16600 ||| INVOKING Berserk.
 16749 | Lair:5   | 16749 ||| Stepping ~*~*~tactically~*~*~ (stealth).
 16755 | Lair:5   | 16755 ||| INVOKING Berserk.
 16769 | Lair:5   | 16769 ||| Stepping ~*~*~tactically~*~*~ (stealth).
 16892 | Lair:5   | 16892 ||| Stepping ~*~*~tactically~*~*~ (stealth).
 16897 | Lair:5   | 16897 ||| Stepping ~*~*~tactically~*~*~ (stealth).
 16898 | Lair:5   | 16898 ||| Stepping ~*~*~tactically~*~*~ (stealth).
 16907 | Lair:5   | 16907 ||| Stepping ~*~*~tactically~*~*~ (hiding).
 16932 | Lair:5   | 16932 ||| INVOKING Berserk.
 17000 | Lair:5   | 17000 ||| Stepping ~*~*~tactically~*~*~ (stealth).
 17005 | Lair:5   | 17005 ||| Stepping ~*~*~tactically~*~*~ (stealth).
 17006 | Lair:5   | 17006 ||| INVOKING Berserk.
 17128 | Lair:5   | 17128 ||| Stepping ~*~*~tactically~*~*~ (stealth).
 17129 | Lair:5   | 17129 ||| INVOKING Berserk.
 17162 | Lair:5   | 17162 ||| INVOKING Brothers in Arms.
 17193 | Lair:5   | 17193 ||| Stepping ~*~*~tactically~*~*~ (stealth).
 17224 | Lair:5   | 17224 ||| Stepping ~*~*~tactically~*~*~ (hiding).
 17405 | Lair:5   | 17405 ||| Stepping ~*~*~tactically~*~*~ (hiding).
 17410 | Lair:5   | 17410 ||| Stepping ~*~*~tactically~*~*~ (hiding).
 17418 | Lair:5   | 17418 ||| Stepping ~*~*~tactically~*~*~ (stealth).
 17424 | Lair:5   | 17424 ||| Stepping ~*~*~tactically~*~*~ (stealth).
 17434 | Lair:5   | 17434 ||| Stepping ~*~*~tactically~*~*~ (stealth).
 17737 | Lair:5   | 17737 ||| INVOKING Brothers in Arms.
 17739 | Lair:5   | 17739 ||| INVOKING Berserk.
 17758 | Lair:5   | 17758 ||| INVOKING Brothers in Arms.
 17774 | Lair:5   | 17774 ||| SWAPPING to +11 flail of Dim Light {vorpal, Dex+4
                  | SInv}.
 17776 | Lair:5   | 17776 ||| SWAPPING to +5 war axe.
 18000 | Lair:5   | 18000 ||| INVOKING Berserk.
 18151 | Lair:5   | Found a runed translucent door.
 18152 | Lair:5   | Noticed a fire dragon
 18178 | Lair:5   | 18178 ||| FLEEEEING.
 18179 | Lair:5   | 18179 ||| FLEEEEING.
 18180 | Lair:5   | 18180 ||| FLEEEEING.
 18181 | Lair:5   | 18181 ||| FLEEEEING.
 18182 | Lair:5   | 18182 ||| FLEEEEING.
 18183 | Lair:5   | 18183 ||| FLEEEEING.
 18184 | Lair:5   | 18184 ||| FLEEEEING.
 18185 | Lair:5   | 18185 ||| FLEEEEING.
 18186 | Lair:5   | 18186 ||| FLEEEEING.
 18188 | Lair:5   | 18188 ||| FLEEEEING.
 18189 | Lair:5   | 18189 ||| FLEEEEING.
 18190 | Lair:5   | 18190 ||| FLEEEEING.
 18191 | Lair:5   | 18191 ||| FLEEEEING.
 18192 | Lair:5   | 18192 ||| FLEEEEING.
 18193 | Lair:5   | 18193 ||| FLEEEEING.
 18194 | Lair:5   | 18194 ||| FLEEEEING.
 18195 | Lair:5   | 18195 ||| FLEEEEING.
 18196 | Lair:5   | 18196 ||| FLEEEEING.
 18197 | Lair:5   | 18197 ||| FLEEEEING.
 18198 | Lair:5   | 18198 ||| FLEEEEING.
 18199 | Lair:5   | 18199 ||| FLEEEEING.
 18201 | Lair:5   | 18201 ||| FLEEEEING.
 18202 | Lair:5   | 18202 ||| FLEEEEING.
 18203 | Lair:5   | 18203 ||| FLEEEEING.
 18204 | Lair:5   | 18204 ||| FLEEEEING.
 18205 | Lair:5   | 18205 ||| FLEEEEING.
 18206 | Lair:5   | 18206 ||| FLEEEEING.
 18207 | Lair:5   | 18207 ||| FLEEEEING.
 18208 | Lair:5   | 18208 ||| FLEEEEING.
 18209 | Lair:5   | 18209 ||| FLEEEEING.
 18210 | Lair:5   | 18210 ||| FLEEEEING.
 18211 | Lair:5   | 18211 ||| FLEEEEING.
 18212 | Lair:5   | 18212 ||| FLEEEEING.
 18213 | Lair:5   | 18213 ||| FLEEEEING.
 18214 | Lair:5   | 18214 ||| FLEEEEING.
 18215 | Lair:5   | 18215 ||| FLEEEEING.
 18217 | Lair:5   | 18217 ||| INVOKING Berserk.
 18418 | Lair:5   | 18418 ||| Stepping ~*~*~tactically~*~*~ (stealth).
 18419 | Lair:5   | 18419 ||| Stepping ~*~*~tactically~*~*~ (stealth).
 18440 | Lair:5   | 18440 ||| Stepping ~*~*~tactically~*~*~ (stealth).
 18441 | Lair:5   | 18441 ||| Stepping ~*~*~tactically~*~*~ (stealth).
 18457 | Lair:5   | 18457 ||| INVOKING Berserk.
 18529 | Lair:5   | 18529 ||| FLEEEEING.
 18530 | Lair:5   | 18530 ||| FLEEEEING.
 18531 | Lair:5   | 18531 ||| FLEEEEING.
 18532 | Lair:5   | 18532 ||| FLEEEEING.
 18533 | Lair:5   | 18533 ||| FLEEEEING.
 18534 | Lair:5   | 18534 ||| FLEEEEING.
 18535 | Lair:5   | 18535 ||| FLEEEEING.
 18536 | Lair:5   | 18536 ||| FLEEEEING.
 18537 | Lair:5   | 18537 ||| FLEEEEING.
 18548 | Lair:5   | 18548 ||| FLEEEEING.
 18549 | Lair:5   | 18549 ||| FLEEEEING.
 18561 | Lair:5   | 18561 ||| FLEEEEING.
 18562 | Lair:5   | 18562 ||| FLEEEEING.
 18563 | Lair:5   | 18563 ||| FLEEEEING.
 18564 | Lair:5   | 18564 ||| FLEEEEING.
 18577 | Lair:5   | 18577 ||| FLEEEEING.
 18578 | Lair:5   | 18578 ||| FLEEEEING.
 18579 | Lair:5   | 18579 ||| FLEEEEING.
 18588 | Lair:5   | 18588 ||| STAIRDANCE
 18690 | Lair:4   | 18690 ||| DROPPING +1 pair of gloves of dexterity.
 18691 | Lair:4   | 18691 ||| UPGRADING to +0 plate armour.
 18701 | Lair:4   | 18701 ||| DROPPING +5 ring mail of Card Tricks {Dex+5}.
 18809 | Lair:5   | 18809 ||| READING scroll of enchant armour.
 18809 | Lair:5   | 18809 ||| ENCHANTING +0 pair of boots.
 18872 | Lair:5   | 18872 ||| INVOKING Berserk.
 18880 | Lair:5   | Reached XP level 14. HP: 141/141 MP: 13/13
 19108 | Lair:5   | 19108 ||| PLANNING D:1-11
 19298 | D:10     | Entered Level 10 of the Dungeon
 19478 | D:10     | 19478 ||| Stepping ~*~*~tactically~*~*~ (stealth).
 19486 | D:10     | 19486 ||| Stepping ~*~*~tactically~*~*~ (stealth).
 19491 | D:10     | 19491 ||| Stepping ~*~*~tactically~*~*~ (stealth).
 19507 | D:10     | 19507 ||| Stepping ~*~*~tactically~*~*~ (stealth).
 19508 | D:10     | 19508 ||| Stepping ~*~*~tactically~*~*~ (stealth).
 19509 | D:10     | 19509 ||| Stepping ~*~*~tactically~*~*~ (stealth).
 19510 | D:10     | 19510 ||| Stepping ~*~*~tactically~*~*~ (stealth).
 19512 | D:10     | 19512 ||| Stepping ~*~*~tactically~*~*~ (stealth).
 19514 | D:10     | 19514 ||| Stepping ~*~*~tactically~*~*~ (stealth).
 19515 | D:10     | 19515 ||| Stepping ~*~*~tactically~*~*~ (stealth).
 19531 | D:10     | Found a burning altar of Makhleb.
 19661 | D:10     | 19661 ||| Stepping ~*~*~tactically~*~*~ (hiding).
 19662 | D:10     | 19662 ||| Stepping ~*~*~tactically~*~*~ (hiding).
 19722 | D:10     | Found a runed translucent gate.
 19722 | D:10     | Noticed qw's ghost (journeyman MiBe)
 19723 | D:10     | Found a runed translucent gate.
 19723 | D:10     | Found a runed translucent gate.
 19727 | D:10     | Identified the +1 robe "Novonuih" {rPois rC+ MP+9 SInv}
 19995 | D:10     | 19995 ||| Stepping ~*~*~tactically~*~*~ (stealth).
 20020 | D:10     | Found an ornate altar of the Wu Jian Council.
 20285 | D:11     | 20285 ||| INVOKING Brothers in Arms.
 20286 | D:11     | 20286 ||| INVOKING Brothers in Arms.
 20288 | D:11     | 20288 ||| SWAPPING to +11 flail of Dim Light {vorpal, Dex+4
                  | SInv}.
 20289 | D:11     | 20289 ||| INVOKING Berserk.
 20305 | D:11     | 20305 ||| SWAPPING to +5 war axe.
 20314 | D:11     | 20314 ||| SWAPPING to +11 flail of Dim Light {vorpal, Dex+4
                  | SInv}.
 20316 | D:11     | 20316 ||| SWAPPING to +5 war axe.
 20499 | D:11     | 20499 ||| Stepping ~*~*~tactically~*~*~ (stealth).
 20500 | D:11     | 20500 ||| Stepping ~*~*~tactically~*~*~ (stealth).
 20501 | D:11     | 20501 ||| Stepping ~*~*~tactically~*~*~ (stealth).
 20537 | D:11     | 20537 ||| Stepping ~*~*~tactically~*~*~ (stealth).
 20566 | D:11     | 20566 ||| Stepping ~*~*~tactically~*~*~ (stealth).
 20567 | D:11     | 20567 ||| Stepping ~*~*~tactically~*~*~ (stealth).
 20569 | D:11     | 20569 ||| Stepping ~*~*~tactically~*~*~ (stealth).
 20645 | D:11     | Found a frozen archway.
 20722 | D:11     | 20722 ||| PLANNING D
 20757 | D:12     | Reached skill level 12 in Armour
 20894 | D:12     | 20894 ||| Stepping ~*~*~tactically~*~*~ (stealth).
 21092 | D:12     | Found a transporter.
 21122 | D:12     | Found a transporter.
 21352 | D:12     | 21352 ||| READING scroll of enchant armour.
 21352 | D:12     | 21352 ||| ENCHANTING +1 pair of boots.
 21454 | D:12     | 21454 ||| READING scroll of enchant weapon.
 21454 | D:12     | 21454 ||| ENCHANTING +5 war axe.
 21461 | D:12     | Found a staircase to the Orcish Mines.
 21481 | D:12     | 21481 ||| INVOKING Berserk.
 21818 | D:12     | Found Itueq's General Store.
 21826 | D:12     | 21826 ||| BUYING 2 scrolls of teleportation (102 gold).
 21826 | D:12     | Bought 2 scrolls of teleportation for 102 gold pieces
 21826 | D:12     | 21826 ||| BUYING potion of curing (51 gold).
 21826 | D:12     | Bought a potion of curing for 51 gold pieces
 21826 | D:12     | 21826 ||| BUYING ring of Irejazas {rElec rN+ rCorr} (673
                  | gold).
 21826 | D:12     | Bought the ring of Irejazas {rElec rN+ rCorr} for 673 gold
                  | pieces
 21826 | D:12     | 21826 ||| BUYING scroll of enchant armour (127 gold).
 21826 | D:12     | Bought a scroll of enchant armour for 127 gold pieces
 21826 | D:12     | 21826 ||| READING scroll of enchant armour.
 21826 | D:12     | 21826 ||| ENCHANTING +0 cloak.
 21902 | D:12     | 21902 ||| UPGRADING to +0 kite shield.
 21907 | D:12     | 21907 ||| DROPPING ring of positive energy.
 21908 | D:12     | 21908 ||| DROPPING ring of resist corrosion.
 21961 | D:13     | 21961 ||| Stepping ~*~*~tactically~*~*~ (hiding).
 21971 | D:13     | Reached skill level 1 in Shields
 21971 | D:13     | 21971 ||| Stepping ~*~*~tactically~*~*~ (hiding).
 22065 | D:13     | Reached skill level 3 in Shields
 22071 | D:13     | Found Nyfan's Magic Scroll Shop.
 22089 | D:13     | Noticed Urug
 22090 | D:13     | 22090 ||| Stepping ~*~*~tactically~*~*~ (hiding).
 22094 | D:13     | 22094 ||| Stepping ~*~*~tactically~*~*~ (hiding).
 22097 | D:13     | 22097 ||| INVOKING Berserk.
 22103 | D:13     | Killed Urug
 22225 | D:13     | 22225 ||| Stepping ~*~*~tactically~*~*~ (hiding).
 22341 | D:13     | Noticed Josephine
 22357 | D:13     | Killed Josephine
 22622 | D:13     | Reached skill level 6 in Shields
 22660 | D:13     | Found Huehiali's General Store.
 22683 | D:13     | 22683 ||| SHOPLISTING +6 ring of dexterity (432 gold, have
                  | 174).
 22683 | D:13     | 22683 ||| BUYING potion of haste (120 gold).
 22683 | D:13     | Bought a potion of haste for 120 gold pieces
 22760 | D:13     | Found Daatapol's Distillery.
 22764 | D:13     | 22764 ||| INVOKING Berserk.
 22913 | D:13     | 22913 ||| BUYING potion of curing (51 gold).
 22913 | D:13     | Bought a potion of curing for 51 gold pieces
 22913 | D:13     | 22913 ||| SHOPLISTING potion of curing (51 gold, have 24).
 22913 | D:13     | 22913 ||| SHOPLISTING potion of haste (170 gold, have 24).
 23025 | D:13     | Found Avuiledd's Armour Boutique.
 23031 | D:13     | 23031 ||| SHOPLISTING +0 chain mail of fire resistance (161
                  | gold, have 46).
 23200 | D:13     | 23200 ||| INVOKING Brothers in Arms.
 23201 | D:13     | 23201 ||| INVOKING Brothers in Arms.
 23202 | D:13     | 23202 ||| SWAPPING to +11 flail of Dim Light {vorpal, Dex+4
                  | SInv}.
 23203 | D:13     | 23203 ||| INVOKING Berserk.
 23215 | D:13     | 23215 ||| SWAPPING to +6 war axe.
 23341 | D:13     | 23341 ||| INVOKING Berserk.
 23348 | D:13     | HP: 52/211 [poisoned by a vault guard]
 23353 | D:13     | HP: 40/211 [poisoned by a vault guard]
 23358 | D:13     | HP: 34/211 [poisoned by a vault guard]
 23723 | D:13     | Found a gate to the Vaults.
 23724 | D:13     | 23724 ||| SWAPPING to +0 broad axe.
 23725 | D:13     | 23725 ||| DROPPING +6 war axe.
 23787 | D:14     | Reached skill level 9 in Shields
 23792 | D:14     | 23792 ||| FLEEEEING.
 23793 | D:14     | 23793 ||| FLEEEEING.
 23794 | D:14     | 23794 ||| FLEEEEING.
 23795 | D:14     | 23795 ||| FLEEEEING.
 23798 | D:14     | 23798 ||| FLEEEEING.
 23799 | D:14     | 23799 ||| FLEEEEING.
 23800 | D:14     | 23800 ||| STAIRDANCE
 23911 | D:14     | 23911 ||| Stepping ~*~*~tactically~*~*~ (hiding).
 23923 | D:14     | Reached skill level 3 in Throwing
 23948 | D:14     | 23948 ||| Stepping ~*~*~tactically~*~*~ (stealth).
 23954 | D:14     | 23954 ||| Stepping ~*~*~tactically~*~*~ (hiding).
 23959 | D:14     | 23959 ||| Stepping ~*~*~tactically~*~*~ (hiding).
 23969 | D:14     | 23969 ||| Stepping ~*~*~tactically~*~*~ (hiding).
 24213 | D:14     | Noticed Nessos
 24214 | D:14     | 24214 ||| Stepping ~*~*~tactically~*~*~ (stealth).
 24221 | D:14     | 24221 ||| Stepping ~*~*~tactically~*~*~ (hiding).
 24223 | D:14     | 24223 ||| Stepping ~*~*~tactically~*~*~ (hiding).
 24233 | D:14     | 24233 ||| Stepping ~*~*~tactically~*~*~ (hiding).
 24251 | D:14     | 24251 ||| INVOKING Berserk.
 24257 | D:14     | Killed Nessos
 24652 | D:14     | Noticed Frances
 24653 | D:14     | 24653 ||| Stepping ~*~*~tactically~*~*~ (hiding).
 24655 | D:14     | 24655 ||| Stepping ~*~*~tactically~*~*~ (hiding).
 24658 | D:14     | 24658 ||| INVOKING Berserk.
 24666 | D:14     | Killed Frances
 24794 | D:14     | 24794 ||| FLEEEEING.
 24795 | D:14     | 24795 ||| FLEEEEING.
 24796 | D:14     | 24796 ||| FLEEEEING.
 24797 | D:14     | 24797 ||| FLEEEEING.
 24812 | D:14     | 24812 ||| FLEEEEING.
 24813 | D:14     | 24813 ||| FLEEEEING.
 24814 | D:14     | 24814 ||| FLEEEEING.
 24815 | D:14     | 24815 ||| FLEEEEING.
 24816 | D:14     | 24816 ||| FLEEEEING.
 24817 | D:14     | 24817 ||| STAIRDANCE
 24860 | D:13     | 24860 ||| READING scroll labelled VUOSETIERPH.
 24875 | D:14     | Reached XP level 15. HP: 127/148 MP: 14/14
 24875 | D:14     | 24875 ||| STAIRDANCE
 24964 | D:14     | 24964 ||| INVOKING Berserk.
 25159 | D:14     | 25159 ||| Stepping ~*~*~tactically~*~*~ (cloud).
 25164 | D:14     | 25164 ||| Stepping ~*~*~tactically~*~*~ (cloud).
 25401 | D:14     | 25401 ||| Stepping ~*~*~tactically~*~*~ (hiding).
 25598 | D:15     | Entered Level 15 of the Dungeon
 25640 | D:15     | 25640 ||| INVOKING Berserk.
 25658 | D:15     | 25658 ||| FLEEEEING.
 25666 | D:15     | 25666 ||| STAIRDANCE
 25731 | D:15     | 25731 ||| Stepping ~*~*~tactically~*~*~ (stealth).
 25877 | D:15     | Found a staircase to the Depths.
 25878 | D:15     | 25878 ||| FLEEEEING.
 25879 | D:15     | 25879 ||| FLEEEEING.
 25880 | D:15     | 25880 ||| FLEEEEING.
 25881 | D:15     | 25881 ||| FLEEEEING.
 25882 | D:15     | 25882 ||| FLEEEEING.
 25883 | D:15     | 25883 ||| FLEEEEING.
 25884 | D:15     | 25884 ||| INVOKING Berserk.
 25896 | D:15     | Reached skill level 17 in Axes
 26030 | D:15     | 26030 ||| INVOKING Berserk.
 26062 | D:15     | 26062 ||| FLEEEEING.
 26063 | D:15     | 26063 ||| FLEEEEING.
 26064 | D:15     | 26064 ||| FLEEEEING.
 26065 | D:15     | 26065 ||| FLEEEEING.
 26066 | D:15     | 26066 ||| FLEEEEING.
 26067 | D:15     | 26067 ||| FLEEEEING.
 26189 | D:15     | Identified the +8 hand axe of the Warrior {protect, rF-
                  | Dex+3 Stlth+}
 26209 | D:15     | 26209 ||| Stepping ~*~*~tactically~*~*~ (hiding).
 26211 | D:15     | 26211 ||| Stepping ~*~*~tactically~*~*~ (hiding).
 26212 | D:15     | 26212 ||| Stepping ~*~*~tactically~*~*~ (hiding).
 26222 | D:15     | 26222 ||| Stepping ~*~*~tactically~*~*~ (hiding).
 26370 | D:15     | 26370 ||| INVOKING Brothers in Arms.
 26372 | D:15     | 26372 ||| SWAPPING to +11 flail of Dim Light {vorpal, Dex+4
                  | SInv}.
 26373 | D:15     | 26373 ||| INVOKING Berserk.
 26381 | D:15     | 26381 ||| SWAPPING to +0 broad axe.
 26655 | D:15     | 26655 ||| PLANNING ORC
 26720 | Orc:1    | Entered Level 1 of the Orcish Mines
 26742 | Orc:1    | 26742 ||| Stepping ~*~*~tactically~*~*~ (stealth).
 26748 | Orc:1    | 26748 ||| Stepping ~*~*~tactically~*~*~ (hiding).
 26751 | Orc:1    | 26751 ||| INVOKING Trog's Hand.
 26752 | Orc:1    | 26752 ||| INVOKING Berserk.
 26778 | Orc:1    | 26778 ||| DRINKING 11 potions of curing.
 26778 | Orc:1    | 26778 ||| (to cure confusion)
 26780 | Orc:1    | 26780 ||| DRINKING 10 potions of curing.
 26780 | Orc:1    | 26780 ||| (to cure confusion)
 26787 | Orc:1    | 26787 ||| INVOKING Brothers in Arms.
 27091 | Orc:1    | 27091 ||| DROPPING +11 flail of Dim Light {vorpal, Dex+4
                  | SInv}.
 27340 | Orc:2    | Entered Level 2 of the Orcish Mines
 27480 | Orc:2    | Noticed an orc warlord
 27481 | Orc:2    | 27481 ||| INVOKING Brothers in Arms.
 27485 | Orc:2    | 27485 ||| INVOKING Berserk.
 27491 | Orc:2    | Killed an orc warlord
 27732 | Orc:2    | Found a staircase to the Elven Halls.
 27735 | Orc:2    | 27735 ||| Stepping ~*~*~tactically~*~*~ (stealth).
 27737 | Orc:2    | 27737 ||| Stepping ~*~*~tactically~*~*~ (hiding).
 27747 | Orc:2    | 27747 ||| Stepping ~*~*~tactically~*~*~ (hiding).
 27781 | Orc:2    | Found Vuchelim's Magic Scroll Boutique.
 27791 | Orc:2    | 27791 ||| INVOKING Berserk.
 27804 | Orc:2    | Reached skill level 18 in Axes
 27932 | Orc:2    | 27932 ||| BUYING scroll of enchant armour (90 gold).
 27932 | Orc:2    | Bought a scroll of enchant armour for 90 gold pieces
 27932 | Orc:2    | 27932 ||| BUYING scroll of teleportation (36 gold).
 27932 | Orc:2    | Bought a scroll of teleportation for 36 gold pieces
 27932 | Orc:2    | 27932 ||| BUYING scroll of teleportation (36 gold).
 27932 | Orc:2    | Bought a scroll of teleportation for 36 gold pieces
 27932 | Orc:2    | 27932 ||| BUYING scroll of teleportation (36 gold).
 27932 | Orc:2    | Bought a scroll of teleportation for 36 gold pieces
 27932 | Orc:2    | 27932 ||| READING scroll of enchant armour.
 27932 | Orc:2    | 27932 ||| ENCHANTING +1 cloak.
 27944 | Orc:2    | Found a burning altar of Makhleb.
 28014 | Orc:2    | 28014 ||| Stepping ~*~*~tactically~*~*~ (stealth).
 28042 | Orc:2    | Found a dark tunnel.
 28099 | Orc:2    | Received a gift from Trog
 28106 | Orc:2    | 28106 ||| FLEEEEING.
 28107 | Orc:2    | 28107 ||| FLEEEEING.
 28108 | Orc:2    | 28108 ||| FLEEEEING.
 28109 | Orc:2    | 28109 ||| FLEEEEING.
 28110 | Orc:2    | 28110 ||| FLEEEEING.
 28111 | Orc:2    | 28111 ||| FLEEEEING.
 28112 | Orc:2    | 28112 ||| FLEEEEING.
 28113 | Orc:2    | 28113 ||| FLEEEEING.
 28114 | Orc:2    | 28114 ||| FLEEEEING.
 28115 | Orc:2    | 28115 ||| FLEEEEING.
 28116 | Orc:2    | 28116 ||| FLEEEEING.
 28117 | Orc:2    | 28117 ||| STAIRDANCE
 28221 | Orc:2    | 28221 ||| STAIRDANCE
 28269 | Orc:2    | Found Guemmih's General Store.
 28275 | Orc:2    | 28275 ||| Stepping ~*~*~tactically~*~*~ (stealth).
 28290 | Orc:2    | 28290 ||| INVOKING Berserk.
 28326 | Orc:2    | Found Deusuamp's General Store.
 28359 | Orc:2    | 28359 ||| BUYING amulet of the acrobat (510 gold).
 28359 | Orc:2    | Bought an amulet of the acrobat for 510 gold pieces
 28359 | Orc:2    | 28359 ||| BUYING wand of digging (4) (285 gold).
 28359 | Orc:2    | Bought a wand of digging (4) for 285 gold pieces
 28361 | Orc:2    | 28361 ||| SHOPLISTING potion of haste (130 gold, have 32).
 28361 | Orc:2    | 28361 ||| SHOPLISTING scroll of enchant armour (97 gold,
                  | have 32).
 28361 | Orc:2    | 28361 ||| SHOPLISTING scroll of enchant weapon (97 gold,
                  | have 32).
 28400 | Orc:2    | 28400 ||| Stepping ~*~*~tactically~*~*~ (stealth).
 28402 | Orc:2    | 28402 ||| Stepping ~*~*~tactically~*~*~ (stealth).
 28403 | Orc:2    | 28403 ||| Stepping ~*~*~tactically~*~*~ (stealth).
 28406 | Orc:2    | 28406 ||| Stepping ~*~*~tactically~*~*~ (stealth).
 28407 | Orc:2    | 28407 ||| Stepping ~*~*~tactically~*~*~ (stealth).
 28419 | Orc:2    | 28419 ||| Stepping ~*~*~tactically~*~*~ (stealth).
 28425 | Orc:2    | 28425 ||| Stepping ~*~*~tactically~*~*~ (stealth).
 28428 | Orc:2    | 28428 ||| Stepping ~*~*~tactically~*~*~ (hiding).
 28433 | Orc:2    | 28433 ||| INVOKING Trog's Hand.
 28435 | Orc:2    | 28435 ||| INVOKING Berserk.
 28551 | Orc:2    | 28551 ||| Stepping ~*~*~tactically~*~*~ (hiding).
 28557 | Orc:2    | 28557 ||| INVOKING Trog's Hand.
 28558 | Orc:2    | 28558 ||| INVOKING Berserk.
 28562 | Orc:2    | Reached skill level 12 in Shields
 28672 | Orc:2    | 28672 ||| INVOKING Berserk.
 28684 | Orc:2    | 28684 ||| INVOKING Trog's Hand.
 28685 | Orc:2    | 28685 ||| INVOKING Brothers in Arms.
 28713 | Orc:2    | 28713 ||| INVOKING Trog's Hand.
 28714 | Orc:2    | 28714 ||| INVOKING Berserk.
 28746 | Orc:2    | HP: 22/148 [ice devil[an orc high priest] (18)]
 28747 | Orc:2    | 28747 ||| READING 9 scrolls of teleportation.
 28748 | Orc:2    | 28748 ||| DRINKING 3 potions of heal wounds.
 28749 | Orc:2    | 28749 ||| DRINKING 2 potions of heal wounds.
 29157 | Orc:2    | 29157 ||| INVOKING Berserk.
 29189 | Orc:2    | 29189 ||| Stepping ~*~*~tactically~*~*~ (hiding).
 29190 | Orc:2    | 29190 ||| Stepping ~*~*~tactically~*~*~ (hiding).
 29204 | Orc:2    | 29204 ||| Stepping ~*~*~tactically~*~*~ (stealth).
 29270 | Orc:2    | Found Ukulanni's Book Shop.
 29270 | Orc:2    | Found Uczeggu's Antique Armour Boutique.
 29271 | Orc:2    | Found a one-way gate leading to the halls of Pandemonium.
 29272 | Orc:2    | 29272 ||| INVOKING Berserk.
 29386 | Orc:2    | 29386 ||| INVOKING Trog's Hand.
 29387 | Orc:2    | 29387 ||| INVOKING Berserk.
 29496 | Orc:2    | 29496 ||| UPGRADING to +0 plate armour of willpower.
 29506 | Orc:2    | 29506 ||| DROPPING +0 plate armour.
 29509 | Orc:2    | 29509 ||| SHOPLISTING pair of runed boots (285 gold, have
                  | 32).
 29509 | Orc:2    | 29509 ||| SHOPLISTING shiny chain mail (285 gold, have 32).
 29558 | Orc:2    | 29558 ||| PLANNING SPIDER:1-3
 29558 | Orc:2    | 29558 ||| UPGRADING to amulet of the acrobat.
 29740 | Spider:1 | Entered Level 1 of the Spider Nest
 29749 | Spider:1 | 29749 ||| INVOKING Berserk.
 29769 | Spider:1 | 29769 ||| DRINKING 9 potions of curing.
 29769 | Spider:1 | 29769 ||| (to cure confusion)
 29774 | Spider:1 | HP: 37/148 [redback (9)]
 29775 | Spider:1 | 29775 ||| READING 8 scrolls of teleportation.
 29775 | Spider:1 | HP: 14/148 [redback (12)]
 29776 | Spider:1 | 29776 ||| DRINKING potion of heal wounds.
 29777 | Spider:1 | Slain by a demonic crawler

Levels and vault maps discovered:
D:1:      spicycebolla_green_bress_n_ham_2, layout_rooms,
          hangedman_abyss_or_decor_stabs, minmay_misc_feat_four_crosses
D:2:      layout_basic, shapermc_ecumenical_altar_mp_vishouse
D:3:      layout_basic, trog_three_pillars_becter, dk_noncrumbling_4,
          st_stairs_12, minmay_shallow_snake_nest
D:4:      cheibrodos_quashed, layout_gridville, amcnicky_mini_corridor_feature,
          uniq_blork_the_orc, uniq_natasha, uniq_menkaure
D:5:      layout_cave_pools, beargit_hepliaklqana_dungeon_heroes,
          minmay_temple_entry_grid, minmay_misc_feat_hallway
D:6:      layout_loops_corners, old_standard_altar,
          mainiacjoe_overflow_alcove_1, gammafunk_ghost_smash, uniq_duvessa
D:7:      layout_basic, nemelex_spade_bored_becter, grunt_gozag_breadcrumbs,
          xom_confusion_cloud, enter_bailey_8
D:8:      layout_basic, nicolae_ru_path_of_blood, minmay_misc_feat_roman,
          nicolae_island_escapes
D:9:      layout_basic, tgw_kikubaaqudgha, lair_entry_dummy, jiyva_altar_1,
          uniq_maurice
D:10:     layout_stronghold, old_standard_altar,
          mainiacjoe_overflow_tiny_flanked, biasface_ghost_orc_armoury,
          kennysheep_donut
D:11:     layout_rooms, portal_ice_cave_entry_pillars_1
D:12:     layout_roguey, kennysheep_orc_monster_closet_entryway,
          gammafunk_ghost_abyssal_escape, serial_shops,
          nicolae_shop_advertising_works [nicolae_subvault_shop_adworks]
D:13:     layout_basic, ximxim_vaults_locker_room, serial_shops,
          nicolae_shop_crystal, nicolae_shop_hallway_stairs, shop, shop,
          uniq_urug, uniq_josephine
D:14:     layout_loops_ring, nicolae_titane, uniq_nessos, uniq_frances
D:15:     gammafunk_depths_entry_grave, layout_gridville,
          minmay_misc_feat_ornament
Lair:1:   layout_regular_city, nicolae_lair_grove_arrangements,
          infiniplex_staircase_pool_2, grunt_megastairs_1, lemuel_fruit_tree
Lair:2:   layout_gridlike, skrybe_swamp_entry_bodies,
          nicolae_spider_entry_orb_guardian
Lair:3:   layout_loops_ring, chequers_serial_rivers_micro_b
Lair:4:   layout_cave_pods, grunt_forest_large_clearings
Lair:5:   wormcave, layout_hall_layers, hangedman_lair_caniforms_friends,
          slime_entry_1, minivault_26
Spider:1: layout_spider_delve, uniq_donald
Orc:1:    layout_caves
Orc:2:    pf_orc_diabolical, layout_caves, lightli_volcano_entry_magma_tube,
          serial_shops, shop_statue, basic_altar, bloody_makhleb

Skill      XL: |  1  2  3  4  5  6  7  8  9 10 11 12 13 14 15 |
---------------+----------------------------------------------+-----
Axes           | 4 5 6 7 8 9 10 12 14 16 18 | 18.0
Fighting       | 4 6 7 8 10 13 15 17 | 17.6
Dodging        | 3 4 6 7 9 12 13 | 13.1
Armour         | 3 4 6 8 10 13 | 13.0
Throwing       | 1 2 3 5 |  5.8
Shields        | 10 13 | 13.4

Action                   |  1- 3 |  4- 6 |  7- 9 | 10-12 | 13-15 || total
-------------------------+-------+-------+-------+-------+-------++-------
Melee: Hand axe          |    70 |    82 |    53 |       |       ||   205
       Headbutt          |     7 |    17 |    40 |    91 |   284 ||   439
       Punch             |       |     1 |     3 |     5 |    10 ||    19
       War axe           |       |       |   159 |   357 |   598 ||  1114
       Flail             |       |       |       |    41 |    10 ||    51
       Broad axe         |       |       |       |       |   557 ||   557
Throw: Boomerang         |     2 |       |     9 |    26 |    28 ||    65
       Javelin           |       |       |       |       |    30 ||    30
Invok: Berserk           |     1 |     5 |    10 |    23 |    36 ||    75
       Brothers in Arms  |       |       |       |     3 |     9 ||    12
       Trog's Hand       |       |       |       |       |     6 ||     6
  Use: Scroll            |     6 |     2 |     6 |    12 |     8 ||    34
       Potion            |     1 |       |     8 |       |     7 ||    16
Armor: Animal skin       |     8 |       |       |       |       ||     8
       Ring mail         |     7 |    27 |    71 |   161 |    90 ||   356
       Plate armour      |       |       |       |       |   502 ||   502
Dodge: Dodged            |    35 |    33 |   100 |   280 |   659 ||  1107
Block: Kite shield       |       |       |       |       |   389 ||   389

Table legend:
 A = Non-vault XP
 B = Vault XP
 C = Vault XP percentage of total XP
 D = Non-vault monster count
 E = Vault monster count
 F = Vault count percentage of total count
                 A         B        C        D         E       F
            +---------+---------+-------+---------+---------+-------
      Total |   92530 |   55247 |  37.4 |     481 |     233 |  32.6
            +---------+---------+-------+---------+---------+-------
        D:1 |      39 |       0 |   0.0 |      20 |       0 |   0.0
        D:2 |      16 |       0 |   0.0 |       7 |       0 |   0.0
        D:3 |      55 |      22 |  28.6 |      19 |       6 |  24.0
        D:4 |     468 |     301 |  39.1 |      18 |       3 |  14.3
        D:5 |     909 |      35 |   3.7 |      16 |       1 |   5.9
        D:6 |     874 |     214 |  19.7 |      16 |       2 |  11.1
        D:7 |     545 |     634 |  53.8 |       8 |       7 |  46.7
        D:8 |    2208 |       0 |   0.0 |      37 |       0 |   0.0
        D:9 |    1194 |     630 |  34.5 |      16 |       5 |  23.8
       D:10 |    1684 |       0 |   0.0 |      14 |       0 |   0.0
       D:11 |    4688 |       0 |   0.0 |      13 |       0 |   0.0
       D:12 |    4626 |    1050 |  18.5 |      17 |      20 |  54.1
       D:13 |    8306 |    7170 |  46.3 |      25 |      16 |  39.0
       D:14 |   12287 |    2608 |  17.5 |      24 |       2 |   7.7
       D:15 |    5512 |    5005 |  47.6 |       9 |       8 |  47.1
     Lair:1 |    6024 |     502 |   7.7 |      22 |       2 |   8.3
     Lair:2 |    2665 |    1362 |  33.8 |      14 |       2 |  12.5
     Lair:3 |    5681 |       0 |   0.0 |      21 |       0 |   0.0
     Lair:4 |    6494 |    3080 |  32.2 |      18 |      24 |  57.1
     Lair:5 |   15469 |   16035 |  50.9 |      47 |      73 |  60.8
   Spider:1 |    4866 |       0 |   0.0 |      18 |       0 |   0.0
      Orc:1 |    3744 |       3 |   0.1 |      42 |       1 |   2.3
      Orc:2 |    4176 |   16596 |  79.9 |      40 |      61 |  60.4
            +---------+---------+-------+---------+---------+-------
